[Event "ONJK-FGH 2019"]
[Site "Borne"]
[Date "2019.08.06"]
[Round "5.1"]
[White "Vijver, Jonathan"]
[Black "Kurt, Sascha"]
[Result "1/2-1/2"]
[ECO "C56"]
[WhiteElo "999"]
[BlackElo "984"]
[Annotator "NA"]
[PlyCount "77"]
[EventDate "2019.08.05"]
[EventType "swiss"]
[EventCountry "NED"]
[SourceTitle "playchess.com"]
[Source "ChessBase"]
[SourceQuality "1"]
[TimeControl "1500+10"]

1. e4 e5 2. Nf3 Nc6 3. d4 exd4 4. Bc4 Nf6 5. e5 d5 6. Bb5 Ne4 7. Nxd4 Bd7 8. Bxc6 Bxc6 9. Nxc6 bxc6 10. O-O h5 11. Nd2 Qe7 12. Nxe4 dxe4 13. f4 h4 14. Re1 Rd8 15. Qe2 Qd7 16. Qxe4 Bc5+ 17. Be3 Bxe3+ 18. Qxe3 Qd2 19. Qe4 Rd5 20. e6 Qd4+ 21. Qxd4 Rxd4 22. exf7+ Kxf7 23. Rad1 Rhd8 24. Rxd4 Rxd4 25. Re2 Rxf4 26. Rf2 Rxf2 27. Kxf2 Kf6 28. Kf3 Kf5 29. g4+ hxg3 30. hxg3 c5 31. g4+ Ke5 32. b3 g5 33. c3 c6 34. Ke3 a6 35. c4 a5 36. a4 Kf6 37. Ke4 Ke6 38. Kd3 Ke5 39. Ke3 1/2-1/2

[Event "ONJK-FGH 2019"]
[Site "Borne"]
[Date "2019.08.06"]
[Round "5.2"]
[White "Dijkhuijsen, Thomas"]
[Black "Allaart, Jibbe"]
[Result "0-1"]
[ECO "C50"]
[WhiteElo "595"]
[BlackElo "466"]
[Annotator "NA"]
[PlyCount "158"]
[EventDate "2019.08.05"]
[EventType "swiss"]
[EventCountry "NED"]
[SourceTitle "playchess.com"]
[Source "ChessBase"]
[SourceQuality "1"]
[TimeControl "1500+10"]

1. e4 e5 2. Bc4 Nc6 3. Nf3 Bc5 4. Nc3 Nf6 5. O-O O-O 6. d3 d6 7. Bg5 Bg4 8. Bxf6 Qxf6 9. Nd5 Qd8 10. h3 Bh5 11. g4 Bg6 12. Ne3 Nd4 13. Nxd4 Bxd4 14. c3 Bxe3 15. fxe3 b5 16. Bxb5 Qb8 17. Bc6 Qb6 18. Bxa8 Qxe3+ 19. Kh2 Rxa8 20. Rf3 Qg5 21. Qb3 Rf8 22. Qb7 Qd2+ 23. Kg1 d5 24. Qxd5 Qxb2 25. Raf1 h6 26. Qxe5 Qxa2 27. Qxc7 Qe2 28. Qxa7 h5 29. gxh5 Bxh5 30. R3f2 Qxd3 31. Qd4 Qxh3 32. Rg2 g6 33. Rh2 Qg3+ 34. Kh1 Bf3+ 35. Rxf3 Qxf3+ 36. Kg1 Qg3+ 37. Rg2 Qe1+ 38. Kh2 Re8 39. Rg3 Rxe4 40. Qd8+ Re8 41. Qf6 Re2+ 42. Rg2 Rxg2+ 43. Kxg2 Qe4+ 44. Qf3 Qxf3+ 45. Kxf3 Kf8 46. c4 Ke7 47. Ke4 Kd7 48. Kd5 g5 49. c5 g4 50. Ke4 f5+ 51. Kf4 Kc6 52. Kg3 Kxc5 53. Kf4 Kd4 54. Kg3 Ke4 55. Kg2 Kf4 56. Kg1 Kf3 57. Kf1 Kg3 58. Kg1 f4 59. Kf1 Kh2 60. Kf2 g3+ 61. Kf3 g2 62. Kxf4 g1=Q 63. Ke4 Qf1 64. Ke3 Kg3 65. Kd4 Qe1 66. Kd3 Kf3 67. Kd4 Qe4+ 68. Kc5 Qd3 69. Kc6 Ke4 70. Kc7 Qd5 71. Kb6 Kd4 72. Ka6 Kc4 73. Kb6 Qb5+ 74. Kc7 Qa6 75. Kd7 Kd5 76. Ke8 Qa7 77. Kf8 Ke6 78. Kg8 Kf6 79. Kh8 Qg7# 0-1

[Event "ONJK-FGH 2019"]
[Site "Borne"]
[Date "2019.08.06"]
[Round "5.3"]
[White "Terlouw, Wouter"]
[Black "Geldof, Max"]
[Result "1-0"]
[ECO "D06"]
[WhiteElo "1159"]
[BlackElo "749"]
[Annotator "NA"]
[PlyCount "103"]
[EventDate "2019.08.05"]
[EventType "swiss"]
[EventCountry "NED"]
[SourceTitle "playchess.com"]
[Source "ChessBase"]
[SourceQuality "1"]
[TimeControl "1500+10"]

1. d4 d5 2. c4 e6 3. Nc3 Nf6 4. cxd5 exd5 5. Nf3 Nc6 6. Bf4 Bf5 7. e3 Bb4 8. a3 Ba5 9. b4 Bb6 10. Bb5 a5 11. Ne5 Bd7 12. Nxd7 Qxd7 13. bxa5 Bxa5 14. Rc1 O-O 15. O-O Qe7 16. a4 Nd8 17. Ne2 c6 18. Bd3 Bc7 19. Bc2 Bxf4 20. Nxf4 Ne6 21. Nxe6 fxe6 22. Rb1 h6 23. Qd3 Qf7 24. Qb3 Rab8 25. Qd3 g6 26. Qxg6+ Qxg6 27. Bxg6 Ne4 28. Bxe4 dxe4 29. Rfc1 b5 30. axb5 cxb5 31. Rb2 b4 32. Rcb1 Rb7 33. Rxb4 Rc7 34. Rb6 Rfc8 35. h3 Rc1+ 36. Rxc1 Rxc1+ 37. Kh2 Kf7 38. Rb5 Kg6 39. Kg3 Rc8 40. Re5 Kf6 41. Rxe4 Rg8+ 42. Rg4 Rf8 43. Rf4+ Kg7 44. Rxf8 Kxf8 45. Kg4 h5+ 46. Kxh5 e5 47. dxe5 Ke7 48. f4 Ke6 49. Kg4 Kf7 50. f5 Ke7 51. Kf4 Kf7 52. g4 1-0

[Event "ONJK-FGH 2019"]
[Site "Borne"]
[Date "2019.08.06"]
[Round "5.4"]
[White "Rooijakkers, Liam"]
[Black "Gang, Kevin"]
[Result "1-0"]
[ECO "C25"]
[WhiteElo "680"]
[BlackElo "827"]
[Annotator "NA"]
[PlyCount "69"]
[EventDate "2019.08.05"]
[EventType "swiss"]
[EventCountry "NED"]
[SourceTitle "playchess.com"]
[Source "ChessBase"]
[SourceQuality "1"]
[TimeControl "1500+10"]

1. e4 e5 2. Nc3 Nc6 3. f4 Bb4 4. Nf3 Nd4 5. Nxe5 d6 6. Nf3 Bg4 7. Be2 Bxf3 8. Bxf3 Qh4+ 9. g3 Qe7 10. a3 Bxc3 11. bxc3 Nc6 12. O-O Nf6 13. d3 O-O 14. Re1 Rfe8 15. d4 d5 16. e5 Nd7 17. Bxd5 Nf6 18. Bc4 g6 19. Bd2 Nd7 20. e6 fxe6 21. Rxe6 Qxe6 22. Bxe6+ Rxe6 23. Qg4 Rae8 24. d5 Nf6 25. Qf3 Rd6 26. dxc6 Rxd2 27. cxb7 Rb8 28. Qc6 Nd5 29. c4 Rxc2 30. Qxd5+ Kg7 31. Qd7+ Kf6 32. Qxc7 Rxb7 33. Qc6+ Kf5 34. Qxb7 Rxc4 35. Qb5+ 1-0

[Event "ONJK-FGH 2019"]
[Site "Borne"]
[Date "2019.08.06"]
[Round "5.5"]
[White "Rudolph, Simon"]
[Black "Leenen, Boyd"]
[Result "1-0"]
[ECO "A22"]
[WhiteElo "464"]
[BlackElo "618"]
[Annotator "NA"]
[PlyCount "57"]
[EventDate "2019.08.05"]
[EventType "swiss"]
[EventCountry "NED"]
[SourceTitle "playchess.com"]
[Source "ChessBase"]
[SourceQuality "1"]
[TimeControl "1500+10"]

1. c4 e5 2. Nc3 Nf6 3. d3 d6 4. e3 Nc6 5. Be2 Bf5 6. Nf3 Bg4 7. O-O Bxf3 8. Bxf3 Be7 9. Qa4 Qd7 10. h3 O-O-O 11. Bg4 Nxg4 12. hxg4 Qxg4 13. Nd5 Bh4 14. Nf4 exf4 15. exf4 Qf5 16. d4 Nxd4 17. Be3 Nc6 18. Rad1 Rde8 19. g3 Bf6 20. Bxa7 b5 21. Qa6+ Kd7 22. cxb5 Nxa7 23. Qxa7 Ra8 24. Qb7 Rhb8 25. Qc6+ Kd8 26. Rde1 Be7 27. Re2 Qd3 28. Rfe1 Bf6 29. Re8# 1-0

[Event "ONJK-FGH 2019"]
[Site "Borne"]
[Date "2019.08.06"]
[Round "5.6"]
[White "Thijssen, Freek"]
[Black "Zhang, Yourui Eric"]
[Result "1-0"]
[ECO "C53"]
[WhiteElo "702"]
[BlackElo "447"]
[Annotator "NA"]
[PlyCount "43"]
[EventDate "2019.08.05"]
[EventType "swiss"]
[EventCountry "NED"]
[SourceTitle "playchess.com"]
[Source "ChessBase"]
[SourceQuality "1"]
[TimeControl "1500+10"]

1. e4 e5 2. Nf3 Nc6 3. Bc4 Bc5 4. c3 f6 5. d4 exd4 6. cxd4 Nxd4 7. Nxd4 Qe7 8. Nc3 c6 9. O-O d5 10. exd5 Bd6 11. Re1 Be5 12. f4 cxd5 13. Bxd5 Be6 14. Bxe6 Qxe6 15. Nxe6 Ke7 16. fxe5 Kxe6 17. Qd6+ Kf7 18. Ne4 Re8 19. e6+ Rxe6 20. Ng5+ fxg5 21. Qxe6+ Kf8 22. Rf1+ 1-0

[Event "ONJK-FGH 2019"]
[Site "Borne"]
[Date "2019.08.06"]
[Round "6.1"]
[White "Allaart, Jibbe"]
[Black "Vijver, Jonathan"]
[Result "0-1"]
[ECO "C55"]
[WhiteElo "466"]
[BlackElo "999"]
[Annotator "NA"]
[PlyCount "36"]
[EventDate "2019.08.05"]
[EventType "swiss"]
[EventCountry "NED"]
[SourceTitle "playchess.com"]
[Source "ChessBase"]
[SourceQuality "1"]
[TimeControl "1500+10"]

1. e4 e5 2. Nf3 Nc6 3. Nc3 Nf6 4. Bc4 Nxe4 5. Nxe4 d5 6. Bxd5 Qxd5 7. Nc3 Qd8 8. O-O Be7 9. d3 Bg4 10. h3 Bh5 11. g4 Bg6 12. Be3 h5 13. Nb5 hxg4 14. hxg4 a6 15. Nc3 Qd7 16. Nd2 Nb4 17. Nc4 Qc6 18. Nxe5 Qh1# 0-1

[Event "ONJK-FGH 2019"]
[Site "Borne"]
[Date "2019.08.06"]
[Round "6.2"]
[White "Kurt, Sascha"]
[Black "Breider, Jayden"]
[Result "1-0"]
[ECO "C21"]
[WhiteElo "984"]
[BlackElo "347"]
[Annotator "NA"]
[PlyCount "145"]
[EventDate "2019.08.05"]
[EventType "swiss"]
[EventCountry "NED"]
[SourceTitle "playchess.com"]
[Source "ChessBase"]
[SourceQuality "1"]
[TimeControl "1500+10"]

1. e4 e5 2. d4 exd4 3. Nf3 c5 4. c3 Nf6 5. cxd4 cxd4 6. e5 Qe7 7. Be2 Nd5 8. Qxd4 Qc5 9. Qxc5 Bxc5 10. O-O O-O 11. Rd1 Nb6 12. Nc3 Re8 13. Bf4 Nc6 14. Rac1 Bb4 15. Nb5 Re7 16. a3 a6 17. Nc7 Rb8 18. axb4 Nxb4 19. e6 fxe6 20. Nxa6 Nxa6 21. Bxa6 bxa6 22. Bxb8 Na4 23. Rxc8+ Kf7 24. Ng5+ Kg6 25. h4 h6 26. Nf3 Nxb2 27. Rd2 Na4 28. Bd6 Rf7 29. Ne5+ Kf6 30. Nxf7 Kxf7 31. Rf8+ Kg6 32. g4 h5 33. gxh5+ Kxh5 34. Rh8+ Kg6 35. h5+ Kg5 36. Be7+ Kf5 37. h6 gxh6 38. Rxh6 d5 39. Rh5+ Kg6 40. Rh4 Nb6 41. Bc5 Nc4 42. Rxc4 dxc4 43. Rc2 Kf5 44. Rxc4 Ke5 45. Ra4 Kd5 46. Be3 e5 47. Rxa6 Ke4 48. Ra4+ Kf5 49. Kg2 Ke6 50. f4 exf4 51. Rxf4 Kd5 52. Bg1 Ke5 53. Ra4 Kd5 54. Kf3 Ke5 55. Rb4 Kd5 56. Ke3 Kc5 57. Rh4 Kb5 58. Kd3 Ka5 59. Kc3 Kb5 60. Rg4 Ka5 61. Kb3 Kb5 62. Rg5+ Kc6 63. Kb4 Kd6 64. Kc4 Ke6 65. Kd4 Kf6 66. Ra5 Ke7 67. Kd5 Kd7 68. Ra7+ Ke8 69. Kd6 Kf8 70. Ke6 Kg8 71. Kf6 Kh8 72. Kg6 Kg8 73. Ra8# 1-0

[Event "ONJK-FGH 2019"]
[Site "Borne"]
[Date "2019.08.06"]
[Round "6.3"]
[White "Talen Alarcón, Milton"]
[Black "Terlouw, Wouter"]
[Result "0-1"]
[ECO "D06"]
[WhiteElo "619"]
[BlackElo "1159"]
[Annotator "NA"]
[PlyCount "54"]
[EventDate "2019.08.05"]
[EventType "swiss"]
[EventCountry "NED"]
[SourceTitle "playchess.com"]
[Source "ChessBase"]
[SourceQuality "1"]
[TimeControl "1500+10"]

1. d4 d5 2. c4 c6 3. Nc3 Nf6 4. Nf3 Bf5 5. Bg5 e6 6. Bxf6 Qxf6 7. cxd5 cxd5 8. Qa4+ Nd7 9. Nb5 Qd8 10. Nc3 Bd6 11. Nb5 Be7 12. Nxa7 Qb6 13. Qc2 Qxa7 14. Rc1 O-O 15. a3 Qa5+ 16. Nd2 Bxc2 17. Rxc2 Rac8 18. Rxc8 Rxc8 19. f3 Bh4+ 20. g3 Bg5 21. f4 Rc1+ 22. Kf2 Qxd2 23. fxg5 Qxg5 24. h4 Qf5+ 25. Kg2 Qe4+ 26. Kg1 Qxe2 27. Rh3 Rxf1# 0-1

[Event "ONJK-FGH 2019"]
[Site "Borne"]
[Date "2019.08.06"]
[Round "6.4"]
[White "Geldof, Max"]
[Black "Rooijakkers, Liam"]
[Result "1-0"]
[ECO "B07"]
[WhiteElo "749"]
[BlackElo "680"]
[Annotator "NA"]
[PlyCount "73"]
[EventDate "2019.08.05"]
[EventType "swiss"]
[EventCountry "NED"]
[SourceTitle "playchess.com"]
[Source "ChessBase"]
[SourceQuality "1"]
[TimeControl "1500+10"]

1. e4 d6 2. d4 Nf6 3. Nc3 Nbd7 4. Nf3 c6 5. Bf4 h6 6. e5 Nd5 7. exd6 exd6 8. Bc4 Qe7+ 9. Be3 Nf4 10. O-O Ng6 11. d5 c5 12. Re1 Nge5 13. Nxe5 Nxe5 14. Bb5+ Bd7 15. Bxd7+ Qxd7 16. Bxc5 dxc5 17. Rxe5+ Be7 18. d6 Qd8 19. Rxe7+ Kf8 20. Qf3 f6 21. Qd5 Qxe7 22. dxe7+ Kxe7 23. Qxc5+ Kf7 24. Qd5+ Kf8 25. h3 Ke7 26. Re1+ Kf8 27. Qd6+ Kg8 28. Qd7 Kh7 29. Re7 Rhg8 30. Qf5+ Kh8 31. Ne4 Raf8 32. Rxb7 g6 33. Nxf6 Rg7 34. Rxg7 Kxg7 35. Ne8+ Kg8 36. Qxg6+ Kh8 37. Qg7# 1-0

[Event "ONJK-FGH 2019"]
[Site "Borne"]
[Date "2019.08.06"]
[Round "6.5"]
[White "Zoet, Wiebe"]
[Black "Rudolph, Simon"]
[Result "0-1"]
[ECO "B03"]
[WhiteElo "426"]
[BlackElo "464"]
[Annotator "NA"]
[PlyCount "37"]
[EventDate "2019.08.05"]
[EventType "swiss"]
[EventCountry "NED"]
[SourceTitle "playchess.com"]
[Source "ChessBase"]
[SourceQuality "1"]
[TimeControl "1500+10"]

1. e4 Nf6 2. e5 Nd5 3. c4 Nb6 4. d4 d6 5. f4 e6 6. Nf3 dxe5 7. fxe5 Nc6 8. d5 Nb8 9. Nc3 Bb4 10. Bd2 exd5 11. cxd5 Nxd5 12. Nxd5 Bxd2+ 13. Qxd2 c6 14. Nf4 Qxd2+ 15. Nxd2 O-O 16. Be2 Rd8 17. Rd1 Be6 18. Nxe6 fxe6 19. O-O 0-1

[Event "ONJK-FGH 2019"]
[Site "Borne"]
[Date "2019.08.06"]
[Round "6.6"]
[White "Van Es, Bjarne"]
[Black "Thijssen, Freek"]
[Result "0-1"]
[ECO "C48"]
[WhiteElo "100"]
[BlackElo "702"]
[Annotator "NA"]
[PlyCount "30"]
[EventDate "2019.08.05"]
[EventType "swiss"]
[EventCountry "NED"]
[SourceTitle "playchess.com"]
[Source "ChessBase"]
[SourceQuality "1"]
[TimeControl "1500+10"]

1. e4 e5 2. Nc3 Nf6 3. Nf3 Nc6 4. Bb5 Bc5 5. Bxc6 dxc6 6. Nxe5 Nd7 7. Qh5 g6 8. Qf3 Nxe5 9. Qf4 Bd6 10. O-O Bg4 11. h3 Nf3+ 12. Qxf3 Bxf3 13. gxf3 Qg5+ 14. Kh1 Qh4 15. Rg1 Qxh3# 0-1